 Dungeon Crawl Stone Soup version 0.18-a0-1574-g3f9d221 (webtiles) character file.

975017 Shelf the Axe Maniac (level 27, -1/285 HPs)
             Began as a Deep Dwarf Fighter on Mar 16, 2016.
             Was the Champion of Ru.
             Killed from afar by a Hell Sentinel (39 damage)
             ... with a blast of hellfire
             ... on level 7 of the Iron City of Dis on Mar 17, 2016.
             The game lasted 06:18:48 (75796 turns).

Shelf the Axe Maniac (Deep Dwarf Fighter)          Turns: 75796, Time: 06:18:48

Health: -1/285     AC: 40    Str: 35 (36) XL:     27
Magic:  35/39      EV: 36    Int: 11      God:    Ru [******]
Gold:   8779       SH:  0    Dex: 33      Spells: 3 memorised, 4 levels left

rFire  + + +     SeeInvis +     x - +3 executioner's axe (vamp)
rCold  . . .     Gourm    .     l - +1 crystal plate armour of Untruth {rElec rN+ MP+9 Dex+4}
rNeg   + + +     Faith    .     (shield currently unavailable)
rPois  +         Spirit   .     D - +2 hat {SInv}
rElec  +         Dismiss  +     r - +2 cloak {MR+}
rCorr  .         Reflect  .     C - +2 pair of gloves {Dex+3}
SustAt .         Harm     .     u - +1 pair of boots "Mupueset" {rElec SInv Stlth+}
MR     ++++.     Rnd*Rage +     d - amulet "Feupa" {Dismiss *Drain Str+8 Int-3 Dex+9}
Stlth  ..........               U - ring of Daohum {rN++ MP+9 Str+5 Int-2}
                                L - ring of Ecwireiwk {*Contam rF+++ rN+ Int+6}

@: no scrolls, contaminated, non-regenerating, glowing, drained, incredibly
resistant to hostile enchantments, extremely unstealthy
A: damage resistance, recharge devices, antennae 1, hooves 1, repulsion field 1,
icy blue scales 1, molten scales 1, berserk 1, blurry vision 1, clumsy 2,
deterioration 1, negative energy resistance 1, sense surroundings 3, poison
resistance, slow regeneration 3, evolution 2, inability to read while
threatened, no stealth, no charms magic, no fire magic, no hexes magic, reduced
AC 1, magic vulnerability 1, MP-powered wands
a: Device Recharging, Draw Out Power, Power Leap, Apocalypse, Renounce Religion
}: 7/15 runes: decaying, serpentine, slimy, silver, golden, obsidian, icy


You were on level 7 of the Iron City of Dis.
You worshipped Ru.
Ru was exalted by your worship.
You were hungry.

You visited 17 branches of the dungeon, and saw 86 of its levels.
You visited the Abyss 2 times.
You visited 1 bazaar.
You also visited: Labyrinth, Sewer and Ice Cave.

You collected 13314 gold pieces.
You spent 4535 gold pieces at shops.

Inventory:

Hand Weapons
 x - a +3 vampiric executioner's axe (weapon)
 Z - a +9 executioner's axe of draining
Armour
 l - the +1 crystal plate armour of Untruth (worn) {rElec rN+ MP+9 Dex+4}
   (You acquired it on level 3 of the Lair of Beasts)

   It affects your dexterity (+4).
   It insulates you from electricity.
   It protects you from negative energy.
   It affects your magic capacity (+9).
 r - a +2 cloak of magic resistance (worn)
 u - the +1 pair of boots "Mupueset" (worn) {rElec SInv Stlth+}
   (You acquired it on level 1 of the Depths)

   It insulates you from electricity.
   It lets you see invisible.
   It makes you more stealthy.
 C - a +2 pair of gloves of dexterity (worn)
 D - a +2 hat of see invisible (worn)
 P - the +4 dragonskin cloak
   (You took it off Tiamat on level 2 of the Realm of Zot)
Jewellery
 d - the amulet "Feupa" (around neck) {Dismiss *Drain Str+8 Int-3 Dex+9}
   (You found it on level 11 of the Dungeon)

   [amulet of dismissal]

   It may teleport away creatures that harm you.
   It affects your strength (+8).
   It affects your intelligence (-3).
   It affects your dexterity (+9).
   It causes draining when unequipped.
 L - the ring of Ecwireiwk (left hand) {*Contam rF+++ rN+ Int+6}
   (You found it on level 3 of the Crypt)

   [ring of positive energy]

   It affects your intelligence (+6).
   It renders you almost immune to fire.
   It protects you from negative energy.
   It causes magical contamination when unequipped.
 U - the ring of Daohum (right hand) {rN++ MP+9 Str+5 Int-2}
   (You acquired it on level 3 of the Elven Halls)

   [ring of magical power]

   It affects your strength (+5).
   It affects your intelligence (-2).
   It greatly protects you from negative energy.
   It affects your magic capacity (+9).
Wands
 e - a wand of heal wounds (0/9)
 m - a wand of heal wounds (1/9)
 p - a wand of hasting (2/9)
 t - a wand of digging (6/24)
 y - a wand of teleportation (6/9)
 F - a wand of lightning (4/15)
 G - a wand of lightning (9/15)
 N - a wand of lightning (5/15)
 O - a wand of teleportation (1/9)
 T - a wand of acid (8/15)
Scrolls
 b - 22 scrolls of remove curse
 c - 5 scrolls of immolation
 k - 11 scrolls of fear
 n - 7 scrolls of identify
 q - a scroll of summoning
 I - 2 scrolls of silence
 J - 22 scrolls of teleportation
 K - 2 scrolls of holy word
 Q - 2 scrolls of amnesia
 S - 9 scrolls of blinking
 W - 5 scrolls of fog
Potions
 w - 5 potions of magic
 A - 2 potions of brilliance
 M - 4 potions of cancellation
 V - a potion of haste
Books
 B - a Grand Grimoire

   Spells                             Type                      Level
   a - Monstrous Menagerie            Summoning                    7
   b - Summon Greater Demon           Summoning                    7
   c - Malign Gateway                 Summoning/Translocation      7
   d - Summon Horrible Things         Summoning                    8
Miscellaneous
 a - a lamp of fire
 g - a phial of floods
 h - a box of beasts {used: 3}
 i - a disc of storms
 j - a disc of storms
 o - a lamp of fire
 s - a sack of spiders {used: 2}
 v - the horn of Geryon
 z - a stone of tremors
 R - a lamp of fire
Comestibles
 f - 17 bread rations


   Skills:
 - Level 24.0(23.9) Fighting
 O Level 27(26.9) Axes
 - Level 22.0(21.9) Armour
 O Level 27(26.9) Dodging
   Level 4.0(3.9) Shields
 + Level 22.4(22.3) Necromancy
 + Level 21.8(21.7) Transmutations
 - Level 17.0(16.9) Evocations


You had 4 spell levels left.
You knew the following spells:

 Your Spells              Type           Power        Failure   Level  Hunger
a - Controlled Blink      Tloc           N/A          100%        8    #######
b - Statue Form           Trmt/Erth      ###......    100%        6    #######
c - Necromutation         Trmt/Necr      #####.....   99%         8    #######


Dungeon Overview and Level Annotations

Branches:
Dungeon (15/15)            Temple (1/1) D:4            Lair (8/8) D:10
  Swamp (4/4) Lair:3        Snake (4/4) Lair:4        Slime (6/6) Lair:8
    Orc (2/2) D:12            Elf (3/3) Orc:2        Vaults (5/5) D:13
  Crypt (3/3) Vaults:3       Tomb (3/3) Crypt:3      Depths (5/5) D:15
   Hell (1/1)                 Dis (7/7) Hell            Geh (7/7) Hell
    Coc (7/7) Hell            Tar (0/7) Hell            Zot (5/5) Depths:5

Altars:
Ashenzari
Cheibriados
Dithmenos
Fedhas
Gozag
Kikubaaqudgha
Makhleb
Nemelex Xobeh
Okawaru
Pakellas
Qazlal
Ru
Sif Muna
Trog
Vehumet
Yredelemnul
The Shining One
Beogh
Jiyva

Shops:
D:7 *   D:12 (   D:14 (   Orc:2 ?*%?   Elf:1 }   Snake:1 !   Vaults:1 !
Vaults:2 =   Vaults:5 [   Depths:1 ?

Portals:
Hell: Depths:1 Depths:2 Depths:3 Depths:4 Depths:5
Abyss: Depths:4
Pandemonium: Depths:1 Depths:3 Depths:5
Ziggurat: Depths:5

Annotations:
D:7 490 gold BMut
Depths:3 Sojobo


Innate Abilities, Weirdness & Mutations

You are resistant to damage.
You can recharge devices by infusing magical energy.
You resist negative energy.
You passively map a large area around you.
You do not regenerate naturally.
You cannot read scrolls while threatened.
You cannot be stealthy.
You cannot study or cast Charms magic.
You cannot study or cast Fire magic.
You cannot study or cast Hexes magic.
You take slightly more damage. (AC -3)
You are slightly vulnerable to magic.
You have a pair of small antennae on your head.
You have large cloven feet.
You are surrounded by a mild repulsion field (EV +2).
You are partially covered in icy blue scales (AC +1).
You are partially covered in molten scales (AC +1).
You tend to lose your temper in combat.
Scrolls take you a little longer to read.
You are very clumsy. (Dex -4)
Your body sometimes deteriorates upon taking damage.
Your system is resistant to poisons.
You rapidly evolve.
You expend magic power (3 MP) to strengthen your wands.


Message History

The iron imp shouts, "Fly, thou cockered grit-sucking frater!"
The Hell Sentinel hits you but does no damage.
The Hell Sentinel completely misses you.
You hit the Hell Sentinel but do no damage.
The Hell Sentinel gestures at you.
The hellfire explodes!
The blast of hellfire engulfs you!
You feel threatened and lose the ability to read scrolls!
* * * LOW HITPOINT WARNING * * *
The blast of hellfire engulfs the Hell Sentinel.
The Hell Sentinel completely resists.
You hear a roar!
You hear a bark!
You hear a roar!
You hear a bark!
An iron dragon comes into view.
The iron dragon roars!
You hear a roar! x2
Something shouts, "Slither away, thou unctious hedge-born gonus!"
You hear a shout!
You hear a roar!
You hit the Hell Sentinel.
The Hell Sentinel is lightly wounded.
The Hell Sentinel gestures at you.
The hellfire explodes!
The blast of hellfire engulfs you!
You die...

,,*.....,+,,,*......,,,,,***,,,,,
.,#......#,,,#......,,,,,,**,,,,,
.,#......#,,,#......,,,,,,***,,,,
'##......#,,,#.....,,,,,,,,**,,,,
.........#####..#+**,,,,,*****,,*
................#,,*,,,,,*,,,+,,*
................#,,*,,,.,*,,,**,*
................####....,*,,,**,*
................@.......,*,,,**,*
...........####..1......,*,,,***,
.........###**###.......,*,,,* *,
........##*,,,,**#......,*,,,* *,
.##'#####*,,,,,,**#'#5..,*,,,****
.#....,**,,8,,8,,+,.#,D.,*,,,*,**
.#.....#,,,,,,,,,*,,#,,.,*****,**
.#.....#,,,,,,,,,****,,,,,,,,,,**
.#######,,,,,,,,,,,***,,,,,,,,,,*


You could see a Hell Sentinel, an iron dragon and an iron imp.

Vanquished Creatures
  Asmodeus (Geh:7)
  Antaeus (Coc:7)
  Dissolution (Slime:5)
  the Royal Jelly (Slime:6)
  the Serpent of Hell (Coc:7)
  Tiamat (Zot:2)
  Mennas (Depths:3)
  7 orbs of fire
  15 ancient liches
  A juggernaut (Depths:2)
  22 greater mummies
  Boris (Depths:3)
  A shard shrike (Coc:7)
  5 iron giants
  A curse toe (Zot:5)
  the Lernaean hydra (Swamp:4)
  Saint Roka (Vaults:3)
  3 Killer Klowns
  Vashnia (Snake:3)
  4 golden dragons
  Geryon (Hell)
  Nikola (Depths:3)
  the Enchantress (Depths:4)
  8 liches
  Xtahua (Depths:3)
  2 bone dragons
  4 electric golems
  24 tentacled monstrosities
  Jorgrun (Vaults:2)
  19 Brimstone Fiends
  Rupert (Orc:2)
  A hellephant (Hell)
  2 Hell Sentinels
  7 titans
  25 Orb Guardians (Zot:5)
  2 quicksilver dragons
  7 Ice Fiends
  A deep elf master archer (Elf:3)
  5 deep elf blademasters
  19 acid blobs
  7 death cobs
  16 sphinxes
  An eldritch tentacle (Zot:5)
  4 tentacled starspawn
  7 ancient champions
  7 tengu reavers
  17 storm dragons
  11 greater nagas
  2 thorn hunters
  A draconian monk (Zot:1)
  16 shadow dragons
  5 azure jellies
  10 fire giants
  5 revenants
  9 iron dragons
  An orc warlord (Elf:3)
  2 draconian scorchers
  9 balrugs
  3 draconian knights
  13 frost giants
  10 deep elf sorcerers
  A cacodemon (Hell)
  13 vault wardens
  Aizul (Snake:1)
  A draconian zealot (Zot:1)
  12 ghouls
  4 ghost moths
  6 deep elf elementalists (Elf:3)
  2 draconian shifters
  19 ironheart preservers
  24 very ugly things
  6 draconian annihilators
  21 reapers
  5 curse skulls
  19 war gargoyles
  A juggernaut skeleton (Depths:1)
  24 stone giants
  7 spriggan defenders
  12 vampire knights
  2 elemental wellsprings (Coc:7)
  8 green draconians
  3 draconian callers
  7 large abominations
  12 salamander stormcallers
  9 deep elf annihilators
  2 bennus (Tomb:2)
  6 mottled draconians
  12 purple draconians
  9 black draconians
  6 deep elf demonologists
  7 red draconians
  10 white draconians
  17 yellow draconians
  14 spark wasps
  Snorg (Lair:4)
  11 deep elf death magi
  7 eidola
  16 ettins
  5 blizzard demons
  2 merfolk impalers (Depths:4)
  4 quicksilver dragon zombies
  A green death (Depths:1)
  28 vault guards
  3 death oozes (Slime:6)
  Josephine (Swamp:1)
  23 mummy priests
  2 deep elf high priests
  10 jiangshi
  A minotaur (Lab)
  17 ogre magi
  19 fire dragons
  The ghost of Zigma the Grappler, a journeyman DrMo of Yredelemnul (D:12)
  15 yaktaur captains
  8 great orbs of eyes
  A kraken zombie (Hell)
  7 rakshasas
  9 naga warriors
  Harold (Lair:4)
  4 entropy weavers
  20 hydras
  A ghost crab (Swamp:3)
  4 spriggan air magi (Depths:4)
  A hell beast (Depths:3)
  2 quicksilver dragon skeletons
  4 death knights
  24 ice dragons
  10 centaur warriors
  26 dancing weapons
  19 anacondas
  9 vampire magi
  10 alligators
  8 death yaks
  7 tengu warriors
  A thrashing horror (Abyss:3)
  A queen ant (Lair:6)
  13 deep troll earth magi
  A titan zombie (Dis:1)
  8 shock serpents
  9 spriggan berserkers
  15 deep troll shamans
  15 naga sharpshooters
  An orc high priest (Elf:1)
  4 wretched stars
  22 hell hogs
  2 iron golems
  Sonja (D:15)
  27 deep elf knights
  7 soul eaters
  9 sun demons
  3 storm dragon zombies
  50 skeletal warriors
  15 iron trolls
  2 titan skeletons
  2 fire crabs
  48 hell knights
  6 unseen horrors
  11 anaconda zombies
  6 salamander mystics
  3 wizards
  5 shadow wraiths
  26 death scarabs (Tomb:3)
  46 deep trolls
  2 storm dragon skeletons (Geh:7)
  11 flayed ghosts
  3 spriggan druids
  5 giant orange brains
  2 shadow demons (Dis:7)
  3 golden dragon zombies
  An obsidian statue (Zot:2)
  10 swamp dragons
  2 gelid demonspawn (Depths:1)
  3 anaconda skeletons
  A ghost moth zombie (Dis:6)
  3 shambling mangroves (Swamp:3)
  A kraken simulacrum (Coc:7)
  8 naga ritualists
  25 deep elf archers
  3 golden dragon skeletons
  Pikel (D:7)
  15 necromancers
  7 hill giants
  20 phantasmal warriors
  2 wolf spider zombies
  A shadow dragon zombie (Geh:1)
  18 ironbrand convokers
  11 harpies
  2 shadow dragon skeletons
  2 tengu zombies (Depths:4)
  14 anubis guards
  23 orc knights
  2 fire giant zombies
  6 shining eyes
  5 orc sorcerers
  3 oklob plants (Zot:2)
  2 tengu skeletons
  66 ugly things
  4 hornets
  4 mana vipers
  4 iron dragon zombies
  92 deep elf magi
  31 salamanders
  2 wolf spiders
  A hell hog skeleton (Crypt:1)
  7 manticores
  5 centaur zombies
  12 griffons
  4 stone giant zombies
  2 frost giant skeletons
  18 moths of wrath
  3 frost giant zombies
  An octopode (shapeshifter) (Vaults:4)
  9 vault sentinels
  A shock serpent zombie (Geh:7)
  A water nymph (shapeshifter) (Depths:1)
  3 stone giant skeletons
  12 rust devils
  3 fire giant skeletons
  3 moths of wrath (shapeshifter)
  2 cyclopes
  Maurice (D:8)
  An eye of devastation (Slime:6)
  10 elephants
  37 black mambas
  4 iron dragon skeletons
  10 smoke demons
  A dire elephant zombie (Geh:7)
  14 guardian serpents
  Joseph (D:7)
  10 molten gargoyles
  A titan simulacrum (Coc:7)
  4 orange demons
  5 gargoyles
  An elephant (shapeshifter) (Elf:2)
  A guardian serpent (shapeshifter) (Depths:2)
  26 spiny frogs
  2 ice statues
  2 dire elephant skeletons
  9 centaur skeletons
  A catoblepas zombie (Geh:7)
  A torpor snail (shapeshifter) (Depths:4)
  25 naga magi
  A storm dragon simulacrum (Hell)
  3 emperor scorpion zombies
  9 hellions
  3 kobold demonologists
  A redback zombie (Crypt:1)
  48 yaktaurs
  24 red devils
  5 rime drakes
  An elf zombie (D:15)
  21 freezing wraiths
  An ancient zyme (Abyss:3)
  A yaktaur skeleton (D:15)
  14 tormentors
  3 tengu conjurers
  9 efreet
  4 human skeletons
  18 ice devils
  An anaconda simulacrum (Tomb:3)
  11 hydra zombies
  7 giant leeches
  35 guardian mummies
  7 hellwings (Depths:1)
  4 jumping spiders
  A jumping spider (shapeshifter) (Depths:2)
  A merfolk (D:11)
  2 burning bushes (Zot:2)
  3 harpy zombies
  6 trolls
  An entropy weaver zombie (Depths:1)
  A queen bee (shapeshifter) (Elf:3)
  13 polar bears
  Grinder (D:4)
  Prince Ribbit (D:6)
  A human simulacrum (Vaults:3)
  9 ushabtiu
  2 hydra skeletons
  19 bog bodies
  A boulder beetle (Vaults:4)
  2 iron dragon simulacra (Crypt:1)
  3 ice dragon zombies
  31 two-headed ogres
  15 blink frogs
  A boulder beetle (shapeshifter) (Elf:1)
  A harpy skeleton (Dis:7)
  A fire dragon zombie (Dis:7)
  75 slime creatures
  4 raiju
  4 alligator zombies
  4 ettin zombies
  A frost giant simulacrum (Depths:1)
  2 stone giant simulacra
  A fire giant simulacrum (Depths:1)
  3 ice dragon skeletons
  2 ynoxinuls
  2 fire dragon skeletons
  11 shadows
  7 spriggans
  A tarantella (shapeshifter) (Depths:5)
  42 flying skulls
  2 alligator skeletons
  Sigmund (D:4)
  An ettin skeleton (Tomb:2)
  18 redbacks
  7 air elementals
  A wyvern (shapeshifter) (Depths:4)
  A black mamba skeleton (Geh:6)
  22 fire elementals
  63 yaks
  26 wraiths
  2 wyverns
  A spriggan simulacrum (Depths:4)
  A black mamba zombie (Dis:2)
  4 basilisks
  20 water elementals
  13 hippogriffs
  A steam dragon (D:9)
  26 vampire mosquitoes
  A neqoxec (Abyss:2)
  22 golden eyes
  3 hungry ghosts
  5 mottled dragons
  46 nagas
  A mottled dragon (shapeshifter) (Vaults:5)
  Edmund (D:4)
  11 wargs
  19 swamp worms
  A hydra simulacrum (Hell)
  11 soldier ants
  6 insubstantial wisps (Swamp:1)
  36 hell hounds
  5 spiny frog zombies
  3 porcupines
  9 water moccasins
  22 swamp drakes
  2 spiny frog skeletons
  70 orc warriors
  15 wasps
  An ettin simulacrum (Crypt:1)
  A torturous demonspawn skeleton (Crypt:2)
  10 black bears
  6 phantoms
  5 small abominations
  11 ice beasts
  15 necrophages
  56 ogres
  4 sky beasts
  2 swamp dragon zombies
  4 eyes of draining
  A black mamba simulacrum (Hell)
  25 centaurs
  An eye of draining (shapeshifter) (Vaults:5)
  3 snapping turtle zombies
  28 wolves
  10 boggarts
  2 snapping turtle skeletons
  2 swamp dragon skeletons
  A rime drake zombie (Crypt:1)
  14 big kobolds
  22 crocodiles
  2 yaktaur zombies (Depths:1)
  36 giant frogs
  A wyvern zombie (D:12)
  2 earth elementals
  2 gnoll sergeants (D:11)
  A wyvern skeleton (D:12)
  6 scorpions
  A water moccasin skeleton (D:12)
  A troll zombie (Dis:7)
  A snapping turtle simulacrum (Hell)
  12 killer bees
  A warg skeleton (Crypt:1)
  51 wights
  6 electric eels
  3 howler monkeys
  A troll skeleton (Crypt:2)
  10 crimson imps
  A giant frog zombie (Crypt:2)
  5 quasits
  20 jellies
  2 soldier ant zombies (Crypt:1)
  A giant frog skeleton (D:6)
  3 gnoll shamans (D:11)
  18 orc priests
  2 hounds
  2 human zombies
  20 iron imps
  Jessica (D:2)
  27 orc wizards
  29 worker ants
  Natasha (thrice) (D:3)
  13 iguanas
  6 hell rats (Hell)
  4 lightning spires (Zot:2)
  30 sheep
  A crocodile zombie (Crypt:1)
  An ogre skeleton (Geh:6)
  A hound zombie (D:9)
  2 hound skeletons
  50 mummies
  A worker ant zombie (D:5)
  3 gnolls (D:8)
  18 adders
  56 river rats
  3 shadow imps
  8 white imps
  5 ufetubi
  2 oozes
  An adder skeleton (D:4)
  A worm (shapeshifter) (Vaults:4)
  6 worms
  A dart slug (D:1)
  4 giant geckos
  112 orcs
  7 bats
  6 giant cockroaches
  6 goblins
  4 hobgoblins
  12 jackals
  5 quokkas
  A river rat zombie (Crypt:2)
  5 ball pythons
  A giant gecko skeleton (Crypt:2)
  7 giant newts
  A goblin skeleton (D:6)
  2 goblin zombies (D:6)
  4 hobgoblin zombies (D:6)
  A jackal zombie (D:7)
  39 kobolds
  A kobold skeleton (Coc:7)
  2 orc skeletons
  A quokka skeleton (D:8)
  26 rats
  7 briar patches (Lair:3)
  2 bushes (Lair:6)
  5 crawling corpses
  3 fire vortices (Vaults:3)
  11 fungi
  A lurking horror (Abyss:2)
  10 plants
  A starspawn tentacle (Abyss:3)
  A tentacle (Hell)
  2 withered plants (Crypt:3)
4038 creatures vanquished.

Vanquished Creatures (collateral kills)
  A greater mummy (Tomb:1)
  A Brimstone Fiend (Geh:7)
  A sphinx (Tomb:1)
  An acid blob (Slime:6)
  An ancient champion (Crypt:1)
  A revenant (Tomb:1)
  An orc warlord (Orc:1)
  2 ghouls (Crypt:2)
  A bennu (Tomb:3)
  A death ooze (Slime:6)
  2 jiangshi (Crypt:1)
  5 mummy priests
  A rakshasa (D:14)
  A hydra (Swamp:4)
  A centaur warrior (D:14)
  A naga sharpshooter (Snake:4)
  A hell knight (Crypt:3)
  2 skeletal warriors (Crypt:2)
  2 flayed ghosts (Crypt:3)
  7 anubis guards
  A phantasmal warrior (Crypt:3)
  An orc sorcerer (Orc:1)
  A necromancer (Crypt:1)
  2 slime creatures (Slime:6)
  A guardian serpent (Snake:4)
  2 smoke demons (Crypt:3)
  A spiny frog (Lair:3)
  7 guardian mummies
  2 red devils (Crypt:3)
  A catoblepas skeleton (Crypt:1)
  4 ushabtiu
  3 hungry ghosts (Crypt:3)
  2 nagas (Snake:4)
  5 orc warriors (Orc:1)
  A salamander skeleton (Crypt:1)
  2 crimson imps (D:14)
  2 jellies (Slime:6)
  An orc wizard (Orc:1)
  A sky beast zombie (Crypt:1)
  7 mummies
  A scorpion zombie (Crypt:2)
  3 orcs (Orc:1)
  A withered plant (Crypt:3)
86 creatures vanquished.

Vanquished Creatures (others)
  A greater mummy (Tomb:1)
  A golden dragon (Depths:2)
  A Brimstone Fiend (Geh:6)
  An Ice Fiend (Coc:7)
  A deep elf master archer (Elf:3)
  A tengu reaver (Vaults:5)
  A thorn hunter (Swamp:3)
  A storm dragon (Zot:5)
  A fire giant (Geh:7)
  A greater naga (Snake:4)
  2 iron dragons
  2 reapers
  A draconian shifter (Zot:5)
  A stone giant (Depths:3)
  A draconian annihilator (Zot:5)
  A deep elf annihilator (Elf:1)
  A bennu (Tomb:3)
  A deep elf death mage (Vaults:3)
  A mummy priest (Tomb:2)
  A fire dragon (Depths:4)
  3 yaktaur captains
  A quicksilver dragon skeleton (Tomb:2)
  An ice dragon (Zot:5)
  6 hydras
  An ogre mage (Vaults:3)
  A hell knight (Hell)
  A shock serpent (Snake:2)
  A deep elf knight (Vaults:4)
  2 naga sharpshooters
  A shock serpent (shapeshifter) (Vaults:5)
  3 deep trolls
  A phantasmal warrior (Geh:7)
  3 deep elf archers
  2 anubis guards (Tomb:1)
  An orc knight (Vaults:2)
  A fire giant zombie (D:15)
  A deep elf mage (Elf:1)
  3 ugly things
  A griffon (Vaults:2)
  A moth of wrath (Zot:2)
  2 necromancers
  A black mamba (Snake:2)
  A naga mage (Snake:2)
  A smoke demon (Geh:3)
  A hellion (Geh:6)
  5 yaktaurs
  A komodo dragon (Lair:2)
  A blink frog (Lair:8)
  2 ushabtiu
  A two-headed ogre (Depths:3)
  2 bog bodies
  3 slime creatures
  A raiju (Abyss:3)
  14 flying skulls
  An ettin skeleton (Geh:7)
  2 spriggans (Swamp:2)
  A water elemental (Coc:7)
  A wyvern (D:10)
  A ynoxinul (Abyss:3)
  A yak (Lair:2)
  2 vampire mosquitoes
  2 nagas (Snake:4)
  3 slaves (D:7)
  2 orc warriors
  2 wasps (Swamp:2)
  3 ogres
  A boggart (Vaults:3)
  A wolf (IceCv)
  A centaur (Vaults:1)
  A snapping turtle skeleton (Geh:1)
  A killer bee (D:8)
  A wight (Geh:7)
  A crimson imp (Geh:3)
  2 iron imps
  2 worker ants
  3 mummies
  2 orcs
  A bat (D:10)
  A briar patch (Swamp:3)
  33 eldritch tentacle segments (Zot:5)
  12 fungi
  7 lost souls
  13 plants
  7 starspawn tentacles
  25 starspawn tentacle segments (Abyss:3)
  7 tentacles
  59 tentacle segments
295 creatures vanquished.

Grand Total: 4419 creatures vanquished

Notes
Turn   | Place    | Note
--------------------------------------------------------------
     0 | D:1      | Shelf the Deep Dwarf Fighter began the quest for the Orb.
     0 | D:1      | Reached XP level 1. HP: 20/20 MP: 1/1
   224 | D:1      | Reached XP level 2. HP: 25/27 MP: 2/2
   862 | D:2      | Found a radiant altar of Vehumet.
   943 | D:2      | Reached XP level 3. HP: 22/33 MP: 3/3
  1062 | D:2      | Noticed Jessica
  1070 | D:2      | Killed Jessica
  1070 | D:2      | Reached XP level 4. HP: 20/40 MP: 4/4
  1129 | D:2      | Reached skill level 5 in Axes
  1595 | D:3      | Found a snail-covered altar of Cheibriados.
  1652 | D:3      | Noticed Natasha
  1655 | D:3      | Killed Natasha
  1664 | D:3      | Reached XP level 5. HP: 20/46 MP: 5/5
  1715 | D:3      | Noticed Natasha
  1725 | D:3      | Killed Natasha
  1727 | D:3      | Found an iron altar of Okawaru.
  1774 | D:3      | Gained mutation: Your mind is acute. (Int +2) [potion of mutation]
  1774 | D:3      | Gained mutation: You are resistant to hostile enchantments. [potion of mutation]
  1774 | D:3      | Gained mutation: Your movements are slightly less encumbered by armour (ER -2). [potion of mutation]
  1836 | D:3      | Gained mutation: You have large cloven feet. [potion of mutation]
  1836 | D:3      | Gained mutation: Your muscles are strong. (Str +2) [potion of mutation]
  2109 | D:3      | Noticed Natasha
  2123 | D:3      | Killed Natasha
  2123 | D:3      | Reached skill level 1 in Evocations
  2288 | D:4      | Reached XP level 6. HP: 44/55 MP: 5/7
  2368 | D:4      | Found an oddly glowing altar of Pakellas.
  2458 | D:4      | Noticed Grinder
  2479 | D:4      | Killed Grinder
  2500 | D:4      | Reached XP level 7. HP: 28/61 MP: 10/10
  2655 | D:4      | Noticed Sigmund
  2673 | D:4      | Killed Sigmund
  2673 | D:4      | Reached skill level 5 in Evocations
  2741 | D:4      | Found a glowing drain.
  2769 | Sewer    | Entered a sewer
  3105 | Sewer    | Reached XP level 8. HP: 43/69 MP: 12/12
  3538 | D:4      | Noticed Edmund
  3544 | D:4      | Killed Edmund
  3547 | D:4      | Found a staircase to the Ecumenical Temple.
  3556 | Temple   | Entered the Ecumenical Temple
  3564 | Temple   | Became a worshipper of Ru the Awakened
  3649 | D:5      | Entered Level 5 of the Dungeon
  4113 | D:5      | Found an ancient bone altar of Kikubaaqudgha.
  4284 | D:6      | Noticed Prince Ribbit
  4312 | D:6      | Killed Prince Ribbit
  4348 | D:6      | Found a glowing golden altar of the Shining One.
  4534 | D:6      | Gained mutation: You passively map the area around you. [Deep Dwarf growth]
  4534 | D:6      | Reached XP level 9. HP: 67/80 MP: 15/15
  4538 | D:6      | Gained mutation: You evolve. [mutagenic meat]
  4539 | D:6      | Gained mutation: You are partially covered in rugged brown scales (AC +1, +3% HP). [mutagenic meat]
  4547 | D:6      | Gained mutation: Your spells are a little harder to cast, but a little more powerful. [mutagenic meat]
  4581 | D:6      | Reached skill level 5 in Fighting
  4601 | D:6      | Lost mutation: You are resistant to hostile enchantments. [Ru sacrifice]
  4601 | D:6      | Gained mutation: You are slightly vulnerable to magic. [Ru sacrifice]
  4601 | D:6      | Reached * piety under Ru
  4601 | D:6      | Reached ** piety under Ru
  4768 | D:6      | Found a shattered altar of Ashenzari.
  4818 | D:6      | Reached skill level 10 in Axes
  5128 | D:7      | Found a basalt altar of Yredelemnul.
  5131 | D:7      | Noticed Pikel
  5145 | D:7      | Killed Pikel
  5159 | D:7      | Found Migyish's General Store.
  5169 | D:7      | Bought a scroll of identify for 28 gold pieces
  5534 | D:8      | Reached skill level 10 in Evocations
  5928 | D:8      | Noticed Maurice
  5943 | D:8      | Killed Maurice
  6020 | D:8      | Gained mutation: Armour fits poorly on your strangely shaped body. [evolution]
  6259 | D:9      | Found a sparkling altar of Nemelex Xobeh.
  6392 | D:9      | Reached XP level 10. HP: 21/90 MP: 18/18
  6406 | D:9      | Got a fine war axe
  6414 | D:9      | Identified the +9 war axe of Ofing {vamp, +Fly rC+++ Int-5 Dex-5} (You found it on level 9 of the Dungeon)
  6914 | D:9      | Noticed a two-headed hydra
  6930 | D:9      | Gained mutation: You cannot read scrolls while threatened. [Ru sacrifice]
  6930 | D:9      | Reached *** piety under Ru
  6944 | D:9      | Killed a 13-headed hydra
  6944 | D:9      | Reached skill level 5 in Armour
  7045 | D:10     | Entered Level 10 of the Dungeon
  7275 | D:10     | Found a staircase to the Lair.
  7504 | D:10     | Noticed a hill giant
  7510 | D:10     | Killed a hill giant
  7513 | D:10     | Found a bloodstained altar of Trog.
  7600 | D:11     | Reached XP level 11. HP: 96/96 MP: 20/20
  7608 | D:11     | Noticed a hill giant
  7619 | D:11     | Killed a hill giant
  7901 | D:11     | Identified a scroll of acquirement
  7902 | D:11     | Got a warped copper ring
  7903 | D:11     | Identified the ring "Taoq" {Dex+4 SInv} (You acquired it on level 11 of the Dungeon)
  8084 | D:11     | Got a warped copper amulet
  8086 | D:11     | Identified the amulet "Feupa" {Dismiss *Drain Str+8 Int-3 Dex+9} (You found it on level 11 of the Dungeon)
  8201 | D:11     | Got a fine iron ring
  8214 | D:11     | Identified the ring of Dikips {*Contam +Inv MP+9 Int+3} (You found it on level 11 of the Dungeon)
  8215 | D:11     | Lost mutation: Armour fits poorly on your strangely shaped body. [potion of mutation]
  8215 | D:11     | Lost mutation: Your mind is acute. (Int +2) [potion of mutation]
  8215 | D:11     | Gained mutation: You are dopey. (Int -2) [potion of mutation]
  8216 | D:11     | Gained mutation: You cannot be stealthy. [Ru sacrifice]
  8216 | D:11     | Reached **** piety under Ru
  8220 | D:11     | Gained mutation: Your system is resistant to poisons. [evolution]
  8258 | D:11     | Noticed an unseen horror
  8259 | D:11     | Noticed a white ugly thing
  8272 | D:11     | Killed a white ugly thing
  8317 | D:11     | Killed an unseen horror
  8430 | D:11     | Found a deep blue altar of Sif Muna.
  8448 | D:11     | Noticed a seven-headed hydra
  8729 | D:11     | Killed a 15-headed hydra
  8886 | D:7      | Bought a potion of beneficial mutation for 490 gold pieces
  8886 | D:7      | Bought a scroll of blinking for 105 gold pieces
  8886 | D:7      | Gained mutation: You have very sharp teeth. [potion of beneficial mutation]
  8928 | D:7      | Noticed Joseph
  8937 | D:7      | Killed Joseph
  9220 | D:11     | Noticed a deep elf mage
  9225 | D:11     | Killed a deep elf mage
  9285 | D:11     | Reached XP level 12. HP: 106/106 MP: 22/22
  9305 | D:11     | Gained mutation: You passively map a large area around you. [mutagenic meat]
  9418 | D:12     | Noticed Zigma's ghost (journeyman DrMo)
  9487 | D:12     | Killed Zigma's ghost
  9586 | D:12     | Found a staircase to the Orcish Mines.
  9670 | D:12     | Reached skill level 10 in Armour
  9701 | D:12     | Found Ixuonnei's Weapon Emporium.
  9745 | D:12     | Reached skill level 1 in Dodging
  9941 | Lair:1   | Entered Level 1 of the Lair of Beasts
  9960 | Lair:1   | Found a frozen archway.
  9985 | IceCv    | Entered an ice cave
  9997 | IceCv    | Reached skill level 15 in Evocations
 10085 | IceCv    | Got an ancient hunting sling
 10133 | IceCv    | Gained mutation: You take slightly more damage. (AC -3) [Ru sacrifice]
 10133 | IceCv    | Reached ***** piety under Ru
 10298 | IceCv    | Noticed a death yak
 10312 | IceCv    | Killed a death yak
 10327 | IceCv    | Reached XP level 13. HP: 118/118 MP: 24/24
 10415 | IceCv    | Noticed a frost giant
 10430 | IceCv    | Killed a frost giant
 10430 | IceCv    | Reached skill level 5 in Dodging
 10473 | IceCv    | Got an ichor-stained short sword
 10550 | IceCv    | Lost mutation: You are partially covered in rugged brown scales (AC +1, +3% HP). [evolution]
 11655 | Lair:2   | Found an opulent altar of Gozag.
 11671 | Lair:2   | Reached skill level 15 in Axes
 12453 | Lair:3   | Found a staircase to the Swamp.
 12869 | Lair:3   | Got a steaming crystal plate armour
 12906 | Lair:3   | Identified the +1 crystal plate armour of Untruth {rElec rN+ MP+9 Dex+4} (You acquired it on level 3 of the Lair of Beasts)
 12930 | Lair:3   | Lost mutation: You are dopey. (Int -2) [potion of mutation]
 12930 | Lair:3   | Gained mutation: Your body sometimes deteriorates upon taking damage. [potion of mutation]
 13459 | Lair:4   | Noticed Harold
 13485 | Lair:4   | Killed Harold
 13538 | Lair:4   | Found a staircase to the Snake Pit.
 13702 | Lair:4   | Noticed Snorg
 13970 | Lair:4   | Killed Snorg
 14217 | Lair:3   | Noticed a thorn hunter
 14569 | Lair:5   | Gained mutation: You resist negative energy. [Deep Dwarf growth]
 14569 | Lair:5   | Reached XP level 14. HP: 126/129 MP: 26/26
 14576 | Lair:5   | Identified the Grimoire of the Hidden Vale
 16181 | Lair:7   | Lost mutation: Your body sometimes deteriorates upon taking damage. [evolution]
 16924 | Lair:8   | Entered Level 8 of the Lair of Beasts
 16944 | Lair:8   | Reached skill level 10 in Fighting
 17017 | Lair:8   | Found a labyrinth entrance.
 17033 | Lab      | Entered a labyrinth
 17312 | Lab      | Got a topaz-encrusted plate armour
 17335 | Lab      | Got a smoking helmet
 17342 | Lab      | Identified the cursed +0 helmet "Reiz Amy" {rF+} (You found it in a labyrinth)
 17466 | Lair:7   | Identified the cursed +1 plate armour "Liavyich" {Stlth+} (You took it off a minotaur in a labyrinth)
 18114 | Lair:8   | Found a staircase to the Slime Pits.
 18809 | Orc:1    | Entered Level 1 of the Orcish Mines
 18816 | Orc:1    | Noticed an orc warlord
 18823 | Orc:1    | Reached XP level 15. HP: 140/140 MP: 27/27
 18828 | Orc:1    | Killed an orc warlord
 19254 | Orc:2    | Entered Level 2 of the Orcish Mines
 19546 | Orc:2    | Found a staircase to the Elven Halls.
 19764 | Orc:2    | Found Citan's Magic Scroll Emporium.
 19765 | Orc:2    | Found Ilysouv's General Store.
 19803 | Orc:2    | Bought a scroll of acquirement for 572 gold pieces
 19832 | Orc:2    | Found a roughly hewn altar of Beogh.
 19868 | Orc:2    | Found Pibuz's Food Emporium.
 19869 | Orc:2    | Found Fesifream's Magic Scroll Shop.
 19932 | Orc:2    | Bought a +2 cloak of magic resistance for 279 gold pieces
 19932 | Orc:2    | Bought the +2 buckler "Puprink" {rElec} for 370 gold pieces
 20027 | Orc:2    | Noticed Rupert
 20041 | Orc:2    | Killed Rupert
 20400 | D:13     | Found a gate to the Vaults.
 20418 | D:13     | Reached skill level 10 in Dodging
 20706 | D:13     | Got a twisted war axe
 21104 | D:14     | Identified the +2 war axe "Goclik" {drain, MR+ SInv} (You found it on level 13 of the Dungeon)
 21113 | D:14     | Gained mutation: You expend magic power (3 MP) to strengthen your wands. [mutagenic meat]
 21114 | D:14     | Gained mutation: You are partially covered in molten scales (AC +1). [mutagenic meat]
 21115 | D:14     | Lost mutation: Your spells are a little harder to cast, but a little more powerful. [mutagenic meat]
 21116 | D:14     | Lost mutation: You are partially covered in molten scales (AC +1). [mutagenic meat]
 21121 | D:14     | Gained mutation: Your spells are a little harder to cast, but a little more powerful. [mutagenic meat]
 21214 | D:14     | Found a runed door.
 21261 | D:14     | Noticed a storm dragon
 21270 | D:14     | Killed a storm dragon
 21398 | D:14     | Gained mutation: Scrolls take you a little longer to read. [mutagenic meat]
 21406 | D:14     | Lost mutation: Scrolls take you a little longer to read. [mutagenic meat]
 21407 | D:14     | Gained mutation: You are partially covered in icy blue scales (AC +1). [mutagenic meat]
 21410 | D:14     | Gained mutation: Your muscles are very strong. (Str +4) [mutagenic meat]
 21567 | D:14     | Found Telor's Antique Weapon Emporium.
 21935 | D:15     | Entered Level 15 of the Dungeon
 22172 | D:15     | Lost mutation: Your movements are slightly less encumbered by armour (ER -2). [mutagenic meat]
 22177 | D:15     | Gained mutation: Your movements are slightly less encumbered by armour (ER -2). [mutagenic meat]
 22178 | D:15     | Gained mutation: Scrolls take you a little longer to read. [mutagenic meat]
 22196 | D:15     | Found a staircase to the Depths.
 22208 | D:15     | Reached XP level 16. HP: 152/152 MP: 28/28
 22311 | D:15     | Found a viscous altar of Jiyva.
 22410 | D:15     | Found a blossoming altar of Fedhas.
 22448 | D:15     | Noticed Sonja
 22454 | D:15     | Killed Sonja
 22540 | D:15     | Lost mutation: Scrolls take you a little longer to read. [evolution]
 22777 | Lair:1   | Learned a level 8 spell: Controlled Blink
 22852 | Snake:1  | Entered Level 1 of the Snake Pit
 23003 | Snake:1  | Found Yngie's Distillery.
 23011 | Snake:1  | Bought 2 potions of heal wounds for 180 gold pieces
 23011 | Snake:1  | Bought 2 potions of curing for 108 gold pieces
 23575 | Snake:1  | Lost mutation: Your spells are a little harder to cast, but a little more powerful. [potion of mutation]
 23575 | Snake:1  | Lost mutation: Your system is resistant to poisons. [potion of mutation]
 23575 | Snake:1  | Gained mutation: You possess an exceptional clarity of mind. [potion of mutation]
 23842 | Snake:1  | Noticed Aizul
 23867 | Snake:1  | Killed Aizul
 23867 | Snake:1  | Reached skill level 15 in Armour
 24297 | Snake:2  | Gained mutation: You have a pair of small horns on your head. [mutagenic meat]
 24299 | Snake:2  | Gained mutation: You have a somewhat thin skeletal structure (Dex +2, Stealth). [mutagenic meat]
 24300 | Snake:2  | Lost mutation: Your muscles are very strong. (Str +4) [mutagenic meat]
 24301 | Snake:2  | Lost mutation: You have large cloven feet. [mutagenic meat]
 24900 | Snake:2  | Lost mutation: You expend magic power (3 MP) to strengthen your wands. [mutagenic meat]
 25218 | Snake:3  | Noticed Vashnia
 25238 | Snake:3  | Killed Vashnia
 25604 | Snake:3  | Reached XP level 17. HP: 148/159 MP: 29/29
 26256 | Snake:4  | Entered Level 4 of the Snake Pit
 26335 | Snake:4  | Gained mutation: You have sharp toenails. [mutagenic meat]
 26337 | Snake:4  | Gained mutation: You are partially covered in thin metallic scales (AC +2). [mutagenic meat]
 26338 | Snake:4  | Lost mutation: Your muscles are strong. (Str +2) [mutagenic meat]
 26339 | Snake:4  | Gained mutation: You have a pair of horns on your head. [mutagenic meat]
 26810 | Snake:4  | Reached skill level 15 in Dodging
 26925 | Snake:4  | Lost mutation: You have a pair of horns on your head. [mutagenic meat]
 26927 | Snake:4  | Lost mutation: You have very sharp teeth. [mutagenic meat]
 27148 | Snake:4  | Got a serpentine rune of Zot
 27224 | Snake:4  | Lost mutation: You have a pair of small horns on your head. [mutagenic meat]
 27228 | Snake:4  | Lost mutation: You passively map a large area around you. [mutagenic meat]
 27229 | Snake:4  | Gained mutation: You expend magic power (3 MP) to strengthen your wands. [mutagenic meat]
 27705 | Snake:4  | Lost mutation: You evolve. [end of evolution]
 28086 | Elf:1    | Entered Level 1 of the Elven Halls
 28154 | Elf:1    | Gained mutation: You passively map a large area around you. [Deep Dwarf growth]
 28154 | Elf:1    | Reached XP level 18. HP: 168/168 MP: 30/30
 28188 | Elf:1    | Found Oshriffa's Gadget Emporium.
 28607 | Elf:1    | Lost mutation: You are partially covered in icy blue scales (AC +1). [mutagenic meat]
 28609 | Elf:1    | Gained mutation: You are dopey. (Int -2) [mutagenic meat]
 28659 | Elf:1    | Identified Extoasor's Collected Works on Cloudy Confrontation (You found it on level 1 of the Elven Halls)
 28799 | Elf:1    | Cast into level 3 of the Abyss (a deep elf sorcerer)
 28974 | Elf:1    | Escaped the Abyss
 29314 | Elf:2    | Gained mutation: You tend to lose your temper in combat. [a shining eye]
 29376 | Elf:2    | Gained mutation: You are frail (-10% HP). [mutagenic meat]
 29377 | Elf:2    | Gained mutation: You are clumsy. (Dex -2) [mutagenic meat]
 29574 | Lair:1   | Lost mutation: You are frail (-10% HP). [potion of cure mutation]
 29574 | Lair:1   | Lost mutation: You are clumsy. (Dex -2) [potion of cure mutation]
 29574 | Lair:1   | Lost mutation: You possess an exceptional clarity of mind. [potion of cure mutation]
 29574 | Lair:1   | Lost mutation: You have sharp toenails. [potion of cure mutation]
 29574 | Lair:1   | Lost mutation: You are partially covered in thin metallic scales (AC +2). [potion of cure mutation]
 29575 | Lair:1   | Lost mutation: You tend to lose your temper in combat. [potion of cure mutation]
 29575 | Lair:1   | Lost mutation: You expend magic power (3 MP) to strengthen your wands. [potion of cure mutation]
 29575 | Lair:1   | Lost mutation: Your movements are slightly less encumbered by armour (ER -2). [potion of cure mutation]
 29575 | Lair:1   | Lost mutation: You are dopey. (Int -2) [potion of cure mutation]
 29628 | Swamp:1  | Entered Level 1 of the Swamp
 29780 | Swamp:1  | Got an ancient morningstar
 29846 | Swamp:1  | Noticed Josephine
 29849 | Swamp:1  | Killed Josephine
 29912 | Swamp:1  | Identified the +3 morningstar of Gloom {speed, rF+} (You found it on level 1 of the Swamp)
 30403 | Swamp:2  | Paralysed by a hornet for 3 turns
 30596 | Swamp:2  | Found a stormy altar of Qazlal.
 31558 | Swamp:3  | Lost mutation: You have a somewhat thin skeletal structure (Dex +2, Stealth). [potion of mutation]
 31558 | Swamp:3  | Gained mutation: Your muscles are strong. (Str +2) [potion of mutation]
 31558 | Swamp:3  | Gained mutation: You have sharp toenails. [potion of mutation]
 31847 | Swamp:4  | Entered Level 4 of the Swamp
 31859 | Swamp:4  | Reached XP level 19. HP: 172/177 MP: 31/31
 32042 | Swamp:4  | Noticed the 27-headed Lernaean hydra
 32049 | Swamp:4  | Killed the 27-headed Lernaean hydra
 32159 | Swamp:4  | Got a decaying rune of Zot
 32539 | Swamp:4  | Gained mutation: You are dopey. (Int -2) [potion of mutation]
 32539 | Swamp:4  | Gained mutation: You are robust (+10% HP). [potion of mutation]
 32539 | Swamp:4  | Lost mutation: You have sharp toenails. [potion of mutation]
 33079 | Elf:1    | Noticed a Brimstone Fiend
 33422 | Elf:2    | Found a huge runed gate.
 33422 | Elf:2    | Found a huge runed gate.
 33422 | Elf:2    | Found a huge runed gate.
 33780 | Elf:2    | Gained mutation: You cannot study or cast Fire magic. [Ru sacrifice]
 33780 | Elf:2    | Gained mutation: You cannot study or cast Hexes magic. [Ru sacrifice]
 33780 | Elf:2    | Gained mutation: You cannot study or cast Charms magic. [Ru sacrifice]
 33780 | Elf:2    | Reached ****** piety under Ru
 34134 | Elf:3    | Entered Level 3 of the Elven Halls
 34620 | Elf:3    | Got a scorched steel ring
 34621 | Elf:3    | Identified the ring of Daohum {rN++ MP+9 Str+5 Int-2} (You acquired it on level 3 of the Elven Halls)
 34723 | Elf:3    | Reached XP level 20. HP: 202/209 MP: 32/32
 34825 | Elf:3    | Got a warped halberd {flame}
 34826 | Elf:3    | Identified the cursed +0 halberd of the Pit {flame, Dex+3} (You took it off a deep elf death mage on level 3 of the Elven Halls)
 34835 | Elf:3    | Gained mutation: Your body sometimes deteriorates upon taking damage. [potion of mutation]
 34835 | Elf:3    | Lost mutation: You are dopey. (Int -2) [potion of mutation]
 34995 | Elf:3    | Got a brightly glowing battleaxe {drain}
 35000 | Elf:3    | Identified Igofur's Grimoire of Poisoning
 35049 | Elf:3    | Identified the cursed +3 battleaxe of Ifiotopt {drain, Dex+2} (You took it off a deep elf annihilator on level 3 of the Elven Halls)
 35171 | Elf:3    | Got a slimy leather armour
 35280 | Elf:3    | Identified the +3 leather armour "Enoaguc" {MR+ Dex+7} (You found it on level 3 of the Elven Halls)
 36029 | Vaults:1 | Entered Level 1 of the Vaults
 36295 | Vaults:1 | Gained mutation: You have a pair of small antennae on your head. [mutagenic meat]
 36296 | Vaults:1 | Gained mutation: You have sharp toenails. [mutagenic meat]
 36299 | Vaults:1 | Gained mutation: You can translocate small distances at will. [mutagenic meat]
 36300 | Vaults:1 | Gained mutation: You are covered in fur (AC +1). [mutagenic meat]
 36301 | Vaults:1 | Gained mutation: Your body often deteriorates upon taking damage. [mutagenic meat]
 36303 | Vaults:1 | Gained mutation: You are partially covered in rugged brown scales (AC +1, +3% HP). [mutagenic meat]
 36304 | Vaults:1 | Lost mutation: You can translocate small distances at will. [mutagenic meat]
 36307 | Vaults:1 | Gained mutation: You are mostly covered in rugged brown scales (AC +2, +5% HP). [mutagenic meat]
 36308 | Vaults:1 | Gained mutation: You have razor-sharp toenails. [mutagenic meat]
 36326 | Vaults:1 | Found Ziebluwn's Distillery.
 36334 | Vaults:1 | Bought a potion of agility for 60 gold pieces
 36334 | Vaults:1 | Bought a potion of agility for 60 gold pieces
 36334 | Vaults:1 | Bought a potion of curing for 45 gold pieces
 36334 | Vaults:1 | Bought a potion of agility for 60 gold pieces
 36334 | Vaults:1 | Bought a potion of curing for 45 gold pieces
 36334 | Vaults:1 | Bought a potion of heal wounds for 75 gold pieces
 36469 | Lair:1   | Lost mutation: You are robust (+10% HP). [potion of cure mutation]
 36469 | Lair:1   | Lost mutation: You are mostly covered in rugged brown scales (AC +2, +5% HP). [potion of cure mutation]
 36469 | Lair:1   | Lost mutation: Your muscles are strong. (Str +2) [potion of cure mutation]
 36469 | Lair:1   | Lost mutation: Your body often deteriorates upon taking damage. [potion of cure mutation]
 36469 | Lair:1   | Lost mutation: You are partially covered in rugged brown scales (AC +1, +3% HP). [potion of cure mutation]
 36469 | Lair:1   | Lost mutation: Your body sometimes deteriorates upon taking damage. [potion of cure mutation]
 36678 | Vaults:1 | Gained mutation: You have a pair of antennae on your head. [mutagenic meat]
 36679 | Vaults:1 | Gained mutation: You are weak. (Str -2) [mutagenic meat]
 36681 | Vaults:1 | Gained mutation: Your system is resistant to poisons. [mutagenic meat]
 36682 | Vaults:1 | Gained mutation: You are clumsy. (Dex -2) [mutagenic meat]
 37542 | Vaults:2 | Reached skill level 15 in Fighting
 37559 | Vaults:2 | Got a transparent brass ring
 37792 | Vaults:2 | Got a diamond-encrusted plate armour
 37803 | Vaults:2 | Identified the +1 plate armour of Eheiwnig {rN+ Int+5} (You found it on level 2 of the Vaults)
 37814 | Vaults:2 | Identified a ring "Ulofy" {SustAt Int+5} (You found it on level 2 of the Vaults)
 37844 | Vaults:2 | Found Ofasuope's Jewellery Boutique.
 37961 | Vaults:2 | Noticed Jorgrun
 37987 | Vaults:2 | Killed Jorgrun
 38467 | Vaults:2 | Reached XP level 21. HP: 202/202 MP: 33/33
 38643 | Vaults:3 | Noticed Saint Roka
 38680 | Vaults:3 | Killed Saint Roka
 38771 | Vaults:3 | Found a staircase to the Crypt.
 38826 | Vaults:3 | Lost mutation: You are weak. (Str -2) [mutagenic meat]
 38827 | Vaults:3 | Lost mutation: You are clumsy. (Dex -2) [mutagenic meat]
 38828 | Vaults:3 | Gained mutation: Your muscles are strong. (Str +2) [mutagenic meat]
 38830 | Vaults:3 | Gained mutation: You occasionally shout uncontrollably at your foes. [mutagenic meat]
 38831 | Vaults:3 | Gained mutation: Your magical capacity is low (-10% MP). [mutagenic meat]
 40449 | Vaults:4 | Gained mutation: You are partially covered in slimy green scales (AC +2). [potion of beneficial mutation]
 40699 | Vaults:4 | Reached XP level 22. HP: 214/214 MP: 30/30
 41147 | Vaults:5 | Entered Level 5 of the Vaults
 41339 | Vaults:5 | Got a steaming copper ring
 41371 | Vaults:5 | Identified the ring of the Imp {rF++ Dex-4 Stlth+} (You found it on level 5 of the Vaults)
 41502 | Vaults:5 | Reached XP level 23. HP: 213/226 MP: 31/31
 41540 | Vaults:5 | Got a pitted graven amulet
 41554 | Vaults:5 | Identified the amulet of Happiness {rC+ Regen+} (You took it off a deep elf demonologist on level 5 of the Vaults)
 41561 | Vaults:5 | Gained mutation: Scrolls take you a little longer to read. [mutagenic meat]
 41563 | Vaults:5 | Gained mutation: You sometimes yell uncontrollably at your foes. [mutagenic meat]
 41718 | Vaults:5 | Noticed an ancient lich
 41734 | Vaults:5 | Killed an ancient lich
 42025 | Lair:1   | Lost mutation: Scrolls take you a little longer to read. [potion of cure mutation]
 42025 | Lair:1   | Lost mutation: You sometimes yell uncontrollably at your foes. [potion of cure mutation]
 42025 | Lair:1   | Lost mutation: You have razor-sharp toenails. [potion of cure mutation]
 42025 | Lair:1   | Lost mutation: Your system is resistant to poisons. [potion of cure mutation]
 42025 | Lair:1   | Lost mutation: Your magical capacity is low (-10% MP). [potion of cure mutation]
 42353 | Vaults:5 | Lost mutation: You occasionally shout uncontrollably at your foes. [mutagenic meat]
 42372 | Vaults:5 | Got a silver rune of Zot
 42484 | Vaults:5 | Found Qesoddy's Antique Armour Shoppe.
 42775 | Vaults:5 | Got a dazzling hat
 42786 | Vaults:5 | Identified the +1 hat of the Bulwark {+Blink rF- rN+ Str+4} (You found it on level 5 of the Vaults)
 42824 | Vaults:5 | Identified the Papyrus of Shape Shifting
 42833 | Vaults:5 | Learned a level 6 spell: Statue Form
 43057 | Vaults:5 | Got a translucent glass ring
 43059 | Vaults:5 | Identified the ring "Mucsicoa" {rC- MP+9 Int+6 SInv} (You found it on level 5 of the Vaults)
 43176 | Vaults:5 | Gained mutation: You have supernaturally acute eyesight. [potion of mutation]
 43176 | Vaults:5 | Gained mutation: You are partially covered in molten scales (AC +1). [potion of mutation]
 43553 | Depths:1 | Entered Level 1 of the Depths
 43637 | Depths:1 | Found a one-way gate leading to the halls of Pandemonium.
 43759 | Depths:1 | Found a gateway to Hell.
 44216 | Depths:1 | Found Maibalat's Magic Scroll Emporium.
 44244 | Depths:1 | Bought a scroll of identify for 40 gold pieces
 44244 | Depths:1 | Bought 3 scrolls of identify for 120 gold pieces
 44244 | Depths:1 | Bought a scroll of acquirement for 1040 gold pieces
 44244 | Depths:1 | Bought a scroll of recharging for 190 gold pieces
 44244 | Depths:1 | Bought a scroll of recharging for 190 gold pieces
 44247 | Depths:1 | Got a pair of twisted boots
 44258 | Depths:1 | Identified the +1 pair of boots "Mupueset" {rElec SInv Stlth+} (You acquired it on level 1 of the Depths)
 45038 | Depths:2 | Found a gateway to a bazaar.
 45044 | Bazaar   | Entered a bazaar
 45048 | Bazaar   | Found Horeawn's Jewellery Boutique.
 45066 | Bazaar   | Found Jemulin's Antique Weapon Emporium.
 45083 | Bazaar   | Found Mitanofa's Gadget Boutique.
 45100 | Bazaar   | Found Moshap's Distillery.
 45105 | Bazaar   | Bought a potion of curing for 33 gold pieces
 45105 | Bazaar   | Bought a potion of heal wounds for 55 gold pieces
 45105 | Bazaar   | Bought a potion of heal wounds for 55 gold pieces
 45105 | Bazaar   | Bought a potion of curing for 33 gold pieces
 45239 | Depths:2 | Reached XP level 24. HP: 238/238 MP: 35/35
 45599 | Depths:2 | Noticed a juggernaut
 45635 | Depths:2 | Killed a juggernaut
 45653 | Depths:2 | Gained mutation: You are frail (-10% HP). [mutagenic meat]
 45671 | Depths:2 | Lost mutation: You are covered in fur (AC +1). [potion of cure mutation]
 45671 | Depths:2 | Lost mutation: You are frail (-10% HP). [potion of cure mutation]
 45671 | Depths:2 | Lost mutation: You have a pair of antennae on your head. [potion of cure mutation]
 45671 | Depths:2 | Lost mutation: You have sharp toenails. [potion of cure mutation]
 45671 | Depths:2 | Lost mutation: You are partially covered in slimy green scales (AC +2). [potion of cure mutation]
 45671 | Depths:2 | Lost mutation: You have supernaturally acute eyesight. [potion of cure mutation]
 46197 | Depths:3 | Noticed Sojobo
 46273 | Depths:3 | Noticed Xtahua
 46451 | Depths:3 | Killed Xtahua
 46653 | Depths:3 | Noticed Nikola
 46672 | Depths:3 | Killed Nikola
 46916 | Depths:3 | Identified the Collected Works on Weightlessness
 46918 | Depths:3 | Identified Otihaesk's Catalogue of the Birds
 47080 | Depths:3 | Noticed Boris
 47098 | Depths:3 | Killed Boris
 47111 | Depths:3 | Noticed Mennas
 47135 | Depths:3 | Killed Mennas
 47637 | Depths:4 | Gained mutation: You are surrounded by a mild repulsion field (EV +2). [mutagenic meat]
 47638 | Depths:4 | Lost mutation: You are surrounded by a mild repulsion field (EV +2). [mutagenic meat]
 47639 | Depths:4 | Gained mutation: You have an increased reservoir of magic (+10% MP). [mutagenic meat]
 47640 | Depths:4 | Gained mutation: You are partially covered in icy blue scales (AC +1). [mutagenic meat]
 47641 | Depths:4 | Gained mutation: You occasionally shout uncontrollably at your foes. [mutagenic meat]
 47642 | Depths:4 | Gained mutation: You evolve. [mutagenic meat]
 47643 | Depths:4 | Lost mutation: Your muscles are strong. (Str +2) [mutagenic meat]
 47645 | Depths:4 | Gained mutation: You have a considerably increased reservoir of magic (+20% MP). [mutagenic meat]
 47647 | Depths:4 | Gained mutation: You are surrounded by a mild repulsion field (EV +2). [mutagenic meat]
 47649 | Depths:4 | Gained mutation: Armour fits poorly on your strangely shaped body. [mutagenic meat]
 47651 | Depths:4 | Gained mutation: Your mind is acute. (Int +2) [mutagenic meat]
 47929 | Depths:4 | Found a one-way gate to the infinite horrors of the Abyss.
 47995 | Depths:4 | Reached XP level 25. HP: 252/252 MP: 42/42
 48057 | Depths:4 | Noticed the Enchantress
 48080 | Depths:4 | Killed the Enchantress
 48083 | Depths:4 | Got a faerie dragon armour
 48107 | Depths:4 | Identified the +1 faerie dragon armour {-Tele *Contam MR++ SInv} (You took it off the Enchantress on level 4 of the Depths)
 48221 | Depths:4 | Lost mutation: Your mind is acute. (Int +2) [mutagenic meat]
 48228 | Depths:4 | Gained mutation: You have large cloven feet. [mutagenic meat]
 48231 | Depths:4 | Gained mutation: You rapidly evolve. [mutagenic meat]
 48232 | Depths:4 | Gained mutation: You expend magic power (3 MP) to strengthen your wands. [mutagenic meat]
 48233 | Depths:4 | Gained mutation: Your body sometimes deteriorates upon taking damage. [mutagenic meat]
 48234 | Depths:4 | Lost mutation: You occasionally shout uncontrollably at your foes. [mutagenic meat]
 48804 | Depths:4 | Got a vibrating golden amulet
 48805 | Depths:4 | Identified the amulet "Zehys" {Spirit rPois rF+ SInv} (You found it on level 4 of the Depths)
 49034 | Depths:5 | Entered Level 5 of the Depths
 49133 | Depths:5 | Lost mutation: You have a considerably increased reservoir of magic (+20% MP). [mutagenic meat]
 49137 | Depths:5 | Lost mutation: Armour fits poorly on your strangely shaped body. [mutagenic meat]
 49463 | Depths:5 | Gained mutation: You tend to lose your temper in combat. [mutagenic meat]
 49473 | Depths:5 | Gained mutation: Armour fits poorly on your strangely shaped body. [mutagenic meat]
 49475 | Depths:5 | Lost mutation: Armour fits poorly on your strangely shaped body. [mutagenic meat]
 49476 | Depths:5 | Gained mutation: Your body often deteriorates upon taking damage. [mutagenic meat]
 49478 | Depths:5 | Lost mutation: Your body often deteriorates upon taking damage. [mutagenic meat]
 49479 | Depths:5 | Lost mutation: Your body sometimes deteriorates upon taking damage. [mutagenic meat]
 49480 | Depths:5 | Lost mutation: You expend magic power (3 MP) to strengthen your wands. [mutagenic meat]
 49541 | Depths:5 | Found a gateway to a ziggurat.
 49604 | Depths:5 | Found a gate to the Realm of Zot.
 49695 | Depths:5 | Reached skill level 27 in Axes
 50541 | Crypt:1  | Entered Level 1 of the Crypt
 51536 | Crypt:1  | Noticed an ancient lich
 51542 | Crypt:1  | Reached XP level 26. HP: 144/264 MP: 38/38
 51545 | Crypt:1  | Killed an ancient lich
 52621 | Crypt:2  | Reached skill level 27 in Dodging
 52773 | Crypt:3  | Entered Level 3 of the Crypt
 53077 | Crypt:3  | Got a clouded lapis lazuli ring
 53077 | Crypt:3  | Got a scorched marble ring
 53078 | Crypt:3  | Identified the ring of Ecwireiwk {*Contam rF+++ rN+ Int+6} (You found it on level 3 of the Crypt)
 53079 | Crypt:3  | Identified the ring "Suschok" {rPois rN+} (You found it on level 3 of the Crypt)
 53415 | Crypt:3  | Got a bloodstained triple sword
 53811 | Crypt:3  | Found a staircase to the Tomb.
 53813 | Crypt:3  | Noticed an ancient lich
 53831 | Crypt:3  | Killed an ancient lich
 53843 | Crypt:3  | Got a bound sapphire amulet
 53856 | Crypt:3  | Noticed an ancient lich
 53857 | Crypt:3  | Learned a level 8 spell: Necromutation
 53865 | Crypt:3  | Killed an ancient lich
 53887 | Crypt:3  | Identified the Catalogue of Augmentations
 53991 | Crypt:3  | Noticed an ancient lich
 53999 | Crypt:3  | Killed an ancient lich
 54579 | D:12     | Gained mutation: You have hoof-like feet. [evolution]
 54971 | Tomb:1   | Entered Level 1 of the Tomb of the Ancients
 55003 | Tomb:1   | Reached skill level 1 in Transmutations
 55021 | Tomb:1   | Identified the amulet of Wudesm {Harm *Drain rC+ Slay+2 Stlth+} (You found it on level 3 of the Crypt)
 55094 | Tomb:1   | Gained mutation: Your spells are a little harder to cast, but a little more powerful. [potion of beneficial mutation]
 55228 | Tomb:1   | Noticed a greater mummy
 55264 | Tomb:1   | Noticed a greater mummy
 55272 | Tomb:1   | Killed a greater mummy
 55272 | Tomb:1   | Reached XP level 27. HP: 73/273 MP: 38/38
 55366 | Tomb:1   | Reached skill level 5 in Transmutations
 55403 | Tomb:1   | Got an ancient great sword
 55751 | Tomb:2   | Noticed a greater mummy
 55751 | Tomb:2   | Noticed an ancient lich
 55758 | Tomb:2   | Killed an ancient lich
 55760 | Tomb:2   | Noticed an ancient lich
 55766 | Tomb:2   | Noticed a greater mummy
 55782 | Tomb:2   | Killed an ancient lich
 55820 | Tomb:2   | Killed a greater mummy
 55852 | Tomb:2   | Killed a greater mummy
 56103 | Tomb:1   | Noticed a greater mummy
 56104 | Tomb:1   | Noticed a greater mummy
 56109 | Tomb:1   | Noticed a greater mummy
 56113 | Tomb:1   | Killed a greater mummy
 56114 | Tomb:1   | Noticed a greater mummy
 56116 | Tomb:1   | Killed a greater mummy
 56119 | Tomb:1   | Noticed a greater mummy
 56127 | Tomb:1   | Killed a greater mummy
 56132 | Tomb:1   | Killed a greater mummy
 56133 | Tomb:1   | Killed a greater mummy
 56163 | Tomb:1   | Noticed a greater mummy
 56170 | Tomb:1   | Killed a greater mummy
 56269 | Tomb:1   | Noticed a greater mummy
 56282 | Tomb:1   | Noticed a greater mummy
 56283 | Tomb:1   | Killed a greater mummy
 56314 | Tomb:1   | Noticed a greater mummy
 56315 | Tomb:1   | Noticed a greater mummy
 56317 | Tomb:1   | Noticed a greater mummy
 56326 | Tomb:1   | Killed a greater mummy
 56378 | Tomb:1   | HP: 6/273 [greater mummy/divine providence (13)]
 56380 | Tomb:1   | Reached skill level 10 in Transmutations
 56387 | Tomb:1   | Killed a greater mummy
 56617 | Tomb:3   | Entered Level 3 of the Tomb of the Ancients
 56638 | Tomb:3   | Noticed a greater mummy
 56640 | Tomb:3   | Noticed a greater mummy
 56640 | Tomb:3   | Noticed a greater mummy
 56653 | Tomb:3   | Noticed a greater mummy
 56655 | Tomb:3   | Killed a greater mummy
 56668 | Tomb:3   | Noticed a greater mummy
 56679 | Tomb:3   | Noticed a greater mummy
 56696 | Tomb:3   | Noticed a greater mummy
 56712 | Tomb:3   | Noticed a greater mummy
 56727 | Tomb:3   | Killed a greater mummy
 56734 | Tomb:3   | Killed a greater mummy
 56740 | Tomb:3   | Killed a greater mummy
 56744 | Tomb:3   | Killed a greater mummy
 56767 | Tomb:3   | Noticed a greater mummy
 56787 | Tomb:2   | Identified the +4 great sword of Anxiety {holy, MR+ Str+4} (You found it on level 1 of the Tomb of the Ancients)
 56807 | Tomb:3   | Killed a greater mummy
 57038 | Tomb:1   | Killed a greater mummy
 57076 | Tomb:1   | Killed a greater mummy
 57152 | Tomb:1   | Killed a greater mummy
 57163 | Tomb:1   | HP: 11/270 [reaper/vampiric scythe[a greater mummy's death curse] (7)]
 57491 | Vaults:3 | Gained mutation: You are dopey. (Int -2) [evolution]
 59002 | Orc:2    | Bought a potion of heal wounds for 65 gold pieces
 59011 | Orc:2    | Bought a scroll of recharging for 104 gold pieces
 59053 | Orc:2    | Bought a scroll of recharging for 133 gold pieces
 59909 | Tomb:3   | Killed a greater mummy
 59959 | Tomb:3   | Killed a greater mummy
 59967 | Tomb:3   | Killed a greater mummy
 60077 | Tomb:3   | Got a golden rune of Zot
 61697 | Tomb:3   | Got a crude battleaxe
 61703 | Tomb:3   | Got a smoking iron ring
 61740 | Tomb:3   | Identified the Grimoire of Conjuration and Venom
 61751 | Tomb:3   | Identified Vehumet's Papyrus of Attacks
 61753 | Tomb:3   | Identified Sif Muna's Compendium of Noxious Transformation
 61769 | Tomb:3   | Identified the ring "Bulager" {Ice Str+2} (You found it on level 3 of the Tomb of the Ancients)
 61774 | Tomb:3   | Identified the +10 battleaxe of Chaos {pain, Int+5} (You found it on level 3 of the Tomb of the Ancients)
 61820 | Tomb:3   | Got a transparent falchion
 61824 | Tomb:3   | Got a smoking falchion
 61825 | Tomb:3   | Identified the +6 falchion of Teron {flame, *Corrode rF+ Str+2 SInv} (You found it on level 3 of the Tomb of the Ancients)
 61902 | Tomb:3   | Got a heavily runed chain mail
 61913 | Tomb:3   | Identified the +6 chain mail of the Eternal Fruit {rF+ rC+ MR++ Dex-2} (You found it on level 3 of the Tomb of the Ancients)
 63163 | Slime:1  | Entered Level 1 of the Pits of Slime
 63304 | Slime:3  | Gained mutation: You expend magic power (3 MP) to strengthen your wands. [a shining eye]
 63317 | Slime:5  | Noticed Dissolution
 63325 | Slime:5  | Killed Dissolution
 63393 | Slime:6  | Entered Level 6 of the Pits of Slime
 63421 | Slime:6  | Lost mutation: Your spells are a little harder to cast, but a little more powerful. [a shining eye]
 63431 | Slime:6  | Gained mutation: You are frail (-10% HP). [a shining eye]
 63505 | Slime:6  | Noticed the Royal Jelly
 63514 | Slime:6  | Killed the Royal Jelly
 63703 | Slime:6  | Got a slimy rune of Zot
 63723 | Slime:6  | Identified the Incunabulum of Icy Beguiling (You found it on level 6 of the Pits of Slime)
 63775 | Slime:6  | Got a scorched shortbow
 63780 | Slime:6  | Got a pitted ring mail
 63785 | Slime:6  | Got a shimmering chain mail
 64069 | Lair:1   | Identified the +5 ring mail of the Dice {Int+3 Slay+2} (You found it on level 6 of the Pits of Slime)
 64079 | Lair:1   | Identified the +4 chain mail of Zooddetz {rPois rCorr} (You found it on level 6 of the Pits of Slime)
 64100 | Lair:1   | Identified the cursed +2 shortbow "Zenles" {speed, *Corrode rF+ rC+ Dex+3} (You found it on level 6 of the Pits of Slime)
 64703 | Hell     | Entered the Vestibule of Hell
 64703 | Hell     | Noticed Geryon
 64730 | Hell     | Killed Geryon
 64843 | Hell     | Found a gateway to the freezing wastes of Cocytus.
 65046 | Hell     | Found a gateway to the Iron City of Dis.
 65148 | Hell     | Found a gateway to the decaying netherworld of Tartarus.
 65220 | Hell     | Found a gateway to the ashen valley of Gehenna.
 65251 | Geh:1    | Entered Level 1 of Gehenna
 66466 | Geh:5    | Found a burning altar of Makhleb.
 66527 | Geh:6    | Lost mutation: You are frail (-10% HP). [evolution]
 66750 | Geh:7    | Entered Level 7 of Gehenna
 66931 | Geh:7    | Reached skill level 1 in Necromancy
 67131 | Geh:7    | Reached skill level 5 in Necromancy
 67464 | Geh:7    | Gained mutation: Your body sometimes deteriorates upon taking damage. [mutagenic glow]
 67515 | Geh:7    | Gained mutation: Armour fits poorly on your strangely shaped body. [mutagenic glow]
 67611 | Geh:7    | Noticed Asmodeus
 67641 | Geh:7    | Killed Asmodeus
 67677 | Geh:7    | Got an obsidian rune of Zot
 68389 | Coc:1    | Entered Level 1 of Cocytus
 68649 | Coc:4    | Reached skill level 10 in Necromancy
 68686 | Coc:7    | Entered Level 7 of Cocytus
 68861 | Coc:7    | Noticed the Serpent of Hell
 68934 | Coc:7    | Killed the Serpent of Hell
 69094 | Coc:7    | Reached skill level 15 in Transmutations
 69499 | Coc:7    | Noticed Antaeus
 69514 | Coc:7    | Cast into level 2 of the Abyss (reaper)
 69618 | Abyss:2  | Noticed an ancient lich
 69627 | Abyss:2  | Killed an ancient lich
 69685 | Abyss:2  | Lost mutation: You are dopey. (Int -2) [potion of cure mutation]
 69685 | Abyss:2  | Lost mutation: You tend to lose your temper in combat. [potion of cure mutation]
 69685 | Abyss:2  | Lost mutation: You have hoof-like feet. [potion of cure mutation]
 69685 | Abyss:2  | Lost mutation: Armour fits poorly on your strangely shaped body. [potion of cure mutation]
 69703 | Abyss:2  | Gained mutation: You are frail (-10% HP). [a neqoxec]
 69937 | Coc:7    | Escaped the Abyss
 69988 | Coc:7    | Killed Antaeus
 70018 | Coc:7    | Got an icy rune of Zot
 70738 | Zot:1    | Entered Level 1 of the Realm of Zot
 71004 | Zot:1    | Gained mutation: You tend to lose your temper in combat. [potion of mutation]
 71654 | Zot:2    | Reached skill level 15 in Necromancy
 71759 | Zot:2    | Noticed Tiamat
 71850 | Zot:2    | Killed Tiamat
 72659 | Zot:3    | Noticed an orb of fire
 72660 | Zot:3    | Lost mutation: You have an increased reservoir of magic (+10% MP). [an orb of fire]
 72666 | Zot:3    | Gained mutation: Scrolls take you a little longer to read. [an orb of fire]
 72675 | Zot:3    | Killed an orb of fire
 73010 | Zot:3    | Noticed an orb of fire
 73036 | Zot:3    | Killed an orb of fire
 73668 | Zot:4    | Identified the Catalogue of Absence (You found it on level 4 of the Realm of Zot)
 73842 | Zot:5    | Entered Level 5 of the Realm of Zot
 74008 | Zot:5    | Gained mutation: Your system is resistant to poisons. [evolution]
 74196 | Zot:5    | Noticed an ancient lich
 74203 | Zot:5    | Noticed an ancient lich
 74211 | Zot:5    | Killed an ancient lich
 74224 | Zot:5    | Killed an ancient lich
 74225 | Zot:5    | Noticed an orb of fire
 74231 | Zot:5    | Noticed an orb of fire
 74244 | Zot:5    | Killed an orb of fire
 74249 | Zot:5    | Killed an orb of fire
 74382 | Zot:5    | Noticed an orb of fire
 74383 | Zot:5    | Gained mutation: You are clumsy. (Dex -2) [an orb of fire]
 74384 | Zot:5    | Noticed an ancient lich
 74395 | Zot:5    | Killed an orb of fire
 74397 | Zot:5    | Killed an ancient lich
 74401 | Zot:5    | Noticed an ancient lich
 74402 | Zot:5    | Noticed an orb of fire
 74412 | Zot:5    | Killed an orb of fire
 74414 | Zot:5    | Killed an ancient lich
 74415 | Zot:5    | Noticed an ancient lich
 74427 | Zot:5    | Killed an ancient lich
 74443 | Zot:5    | Noticed an ancient lich
 74455 | Zot:5    | Killed an ancient lich
 74461 | Zot:5    | Noticed an ancient lich
 74481 | Zot:5    | Killed an ancient lich
 74786 | Zot:2    | Noticed an orb of fire
 74797 | Zot:2    | Gained mutation: You are very clumsy. (Dex -4) [an orb of fire]
 74798 | Zot:2    | Killed an orb of fire
 75021 | Dis:1    | Entered Level 1 of the Iron City of Dis
 75367 | Dis:7    | Entered Level 7 of the Iron City of Dis
 75497 | Dis:7    | HP: 11/256 [iron giant's throw (42)]
 75506 | Dis:7    | HP: 4/256 [iron giant's throw (33)]
 75623 | Dis:7    | Lost mutation: You are frail (-10% HP). [mutagenic glow]
 75783 | Dis:7    | HP: 10/285 [Brimstone Fiend (5)]
 75796 | Dis:7    | Killed from afar by a Hell Sentinel

Vault maps used:
D:1:      minmay_arrival_stair_chambers, nrook_mini_vaults,
          corexii_item_surrounded_by_moat, minivault_14
D:2:      overflow_temple_1_default, kennysheep_jessica_study
D:3:      lemuel_crystal_altar, first_bread, minmay_misc_feat_columns,
          kennysheep_okawaru_gauntlet, uniq_natasha
D:4:      grunt_pakellas_basics, lemuel_temple_firewalk_marked,
          portal_sewer_entry_b, grunt_ministairs_10, uniq_edmund, uniq_sigmund,
          uniq_grinder
D:5:      lemuel_doored_altar
D:6:      ashenzari_altar_1, nicolae_overflow_hidden_temple,
          nicolae_tso_besieged_by_evil, uniq_prince_ribbit1
D:7:      serial_shops, kennysheep_little_box, basic_altar, uniq_pikel,
          uniq_joseph
D:8:      uniq_maurice
D:9:      nemelex_xobeh_ov_fountains_minmay, serial_corexii_hall,
          corexii_hall_statues_i, corexii_hall_statues_deadend,
          corexii_hall_statues_x, hangedman_ranch
D:10:     due_lair_maze_entry_diamond, grunt_ministairs_9,
          minmay_misc_feat_encased, bloody_trog
D:11:     kennysheep_town
D:12:     erik_orc_1, serial_shops, nicolae_shop_stone
D:13:     nicolae_whirlpool, erik_vaults_1, corexii_checkpoint_a
D:14:     minmay_misc_feat_four_crosses, serial_shops,
          nicolae_shop_window_shopping, lightli_airlock
D:15:     gammafunk_depths_entry_grave, fedhas_altar_1, jiyva_altar_1,
          uniq_sonja
Temple:   triangle_lava_temple_11
Lair:1:   portal_ice_cave_entry_ice_beasts, columned_hall_lemuel,
          grunt_megastairs_5
Lair:2:   basic_altar, beast_lair_carwin_8
Lair:3:   swamp_mist, grunt_forest_large_clearing_hut
Lair:4:   minmay_snake_entry_guardpost_large, uniq_harold, uniq_snorg
Lair:6:   minmay_hedge_maze, minmay_another_anthill
Lair:8:   minmay_lair_end_frog_pond, minmay_slime_entry_pillars,
          lab_entry_generic
Swamp:1:  evilmike_swamp_ruin_house_4, uniq_josephine
Swamp:2:  nicolae_swamp_godswood
Swamp:3:  hangedman_swamp_blocks, swamp_pool5
Swamp:4:  swamp_old_school, swamp_pool5, infiniplex_staircase_pool
Snake:1:  serial_shops, shop, uniq_aizul
Snake:2:  hangedman_cross_stitches
Snake:3:  uniq_vashnia
Snake:4:  grunt_snake_rune_serpentine_throne, stair_cage_line
Slime:3:  nicolae_slime_phagocytosis
Slime:5:  uniq_dissolution
Orc:2:    st_orc_town, uniq_rupert
Elf:1:    elf_arrival_002, serial_shops, shop, minmay_elf_annihilation
Elf:2:    st_stairs_13
Elf:3:    minmay_elf_hall, special_room
Vaults:1: hangedman_vaults_river_flow, v_rooms_3, nicolae_vaults_shelves_hall,
          vaults_room_pools, nicolae_vaults_windows_and_doors_thing,
          vaults_mumra_chevron_long, vaults_dpeg_diagonal,
          nicolae_vaults_little_squares_5, vaults_dpeg_ring, serial_shops, shop
Vaults:2: vaults_room_fancy_cross, hangedman_vaults_slice, vaults_mumra_hex,
          v_misc_3, vaults_room_boxed, vaults_room_pools,
          nicolae_vaults_mini_display_case, vaults_dpeg_doors, v_pattern_4,
          hangedman_vaults_stretched_pinwheel, v_misc_8, v_misc_17,
          serial_shops, shop, uniq_jorgrun
Vaults:3: minmay_crypt_entry_nasty_monster, v_misc_9,
          vaults_standard_mumra_enter_the_diamond, vaults_room_stairs_pillars,
          v_rooms_6, v_misc_4, hangedman_vaults_impose, v_misc_23, v_misc_9,
          vaults_room_pool, v_misc_27, uniq_saint_roka
Vaults:4: vaults_room_ringed_pool, hangedman_vaults_hat, nicolae_vaults_big_ls,
          nicolae_vaults_sealed_display, hangedman_vaults_locks, v_misc_27,
          ontoclasm_vaults_spin
Vaults:5: serial_shops
Crypt:1:  grunt_deathspiral_small, minmay_misc_feat_alley
Crypt:3:  quadcrypt_mu
Depths:1: fountainhead, hellmouth_3, grunt_pan_entry_sceptre,
          kennysheep_windowed_goal
Depths:2: thingy_vault, hangedman_decor_riveting, hell_entry, serial_shops,
          bzr_entry_water, grunt_megastairs_2, infiniplex_staircase_spiral,
          serial_bayou_shore_a, firewood_loft, basic_stair_grate_trap,
          serial_bayou_shore_b
Depths:3: cheibrodos_lost_city_excavation, special_room, hell_entry, pan_entry,
          minmay_metal_thing, uniq_sojobo, uniq_boris, uniq_xtahua, uniq_mennas,
          uniq_nikola
Depths:4: kennysheep_water_balloons, abyss_entry_crystal,
          serial_co_window_serial, co_window_cross_1, co_window_corner_a,
          co_window_cross_1, co_window_paths_b, co_window_paths_a,
          co_window_paths_a, co_window_of_opportunity_a,
          co_window_unsneaky_path_e, co_window_2corner, co_window_2corner,
          co_window_2corner, co_window_paths_e, co_window_paths_d,
          glass_columns_a, hangedman_abyss_or_decor_stabs, hell_entry,
          lemuel_nasty_fountain, uniq_enchantress
Depths:5: evilmike_zot_entry_round, enter_ziggurat_a, hell_entry,
          grunt_pan_entry_spiral, minmay_crystal_room, minivault_1,
          serial_bayou_shore_b, serial_bayou_shore_b
Dis:5:    grunt_megastairs_1, lemuel_elevator
Dis:7:    dis_grunt_layers
Geh:1:    lemuel_old_faithful
Geh:4:    grunt_megastairs_3
Geh:5:    lemuel_hellish_altar
Geh:7:    geh_hangedman
Coc:5:    lemuel_elevator
Coc:7:    coc_grunt
Zot:1:    st_stairs_10, lemuel_baited_zot_trap
Zot:2:    evilmike_crystal_ball_defense, uniq_tiamat
Zot:4:    grunt_ministairs_6
Abyss:2:  evilmike_abyss_exit_7, evilmike_abyss_exit_plants
Abyss:3:  due_exit_kobolds
Lab:      nicolae_lab_dead_adventurers, labyrinth_skeletal_remains,
          nicolae_lab_statue, nicolae_lab_flowing_pool
Bazaar:   bazaar_jpeg_circle_common
Sewer:    sewer_minmay_treatment
IceCv:    ice_cave_caverns_02

Skill      XL: |  1  2  3  4  5  6  7  8  9 10 11 12 13 14 15 16 17 18 19 20 21 22 23 24 25 26 27 |
---------------+----------------------------------------------------------------------------------+-----
Axes           | 3 4 5 6 7 8 9 11 12 13 14 15 16 18 19 20 21 22 23 24 25 26 27 | 27.0
Evocations     | 2 4 6 8 11 12 14 15 16 17 | 17.0
Fighting       | 3 4 5 7 9 10 12 14 15 16 17 18 19 20 21 24 | 24.0
Armour         | 6 9 10 11 12 14 15 17 22 | 22.0
Dodging        | 4 5 8 11 13 15 17 18 20 21 22 23 24 25 27 | 27.0
Shields        | 4 |  4.0
Transmutations | 4 21 | 21.8
Necromancy     | 22 | 22.4

Action                   |  1- 3 |  4- 6 |  7- 9 | 10-12 | 13-15 | 16-18 | 19-21 | 22-24 | 25-27 || total
-------------------------+-------+-------+-------+-------+-------+-------+-------+-------+-------++-------
Melee: War axe           |    99 |   172 |   492 |   669 |  1464 |  1522 |  1763 |  1586 |  1892 ||  9659
       Hand axe          |       |       |    27 |       |       |       |       |       |       ||    27
       Unarmed           |       |       |     4 |       |       |       |       |       |       ||     4
       Broad axe         |       |       |       |       |       |       |       |       |   950 ||   950
       Executioner's axe |       |       |       |       |       |       |       |       |  2411 ||  2411
Invok: Sacrifice Essence |       |       |     1 |       |       |       |       |       |       ||     1
       Sacrifice Words   |       |       |       |     1 |       |       |       |       |       ||     1
       Sacrifice Stealth |       |       |       |     1 |       |       |       |       |       ||     1
       Sacrifice Health  |       |       |       |     1 |       |       |       |       |       ||     1
       Reject Sacrifices |       |       |       |       |     3 |     1 |       |       |       ||     4
       Apocalypse        |       |       |       |       |     3 |     8 |     5 |     5 |    22 ||    43
       Power Leap        |       |       |       |       |     1 |       |       |       |     1 ||     2
       Sacrifice Arcana  |       |       |       |       |       |       |     1 |       |       ||     1
       Draw Out Power    |       |       |       |       |       |       |       |       |    27 ||    27
 Abil: Evoke Berserk Rag |       |       |       |     1 |       |       |       |       |       ||     1
       Evoke Invisibilit |       |       |       |     2 |     6 |       |       |       |       ||     8
       Evoke Flight      |       |       |       |       |       |       |       |     1 |    13 ||    14
       Device Recharging |       |       |       |       |       |       |       |       |    14 ||    14
Evoke: Wand              |       |       |    13 |    43 |    12 |       |     5 |       |   150 ||   223
       Sack of spiders   |       |       |       |       |     2 |     1 |     1 |       |    16 ||    20
       Box of beasts     |       |       |       |       |     2 |     1 |       |       |    10 ||    13
       Disc of storms    |       |       |       |       |       |       |     3 |       |       ||     3
       Lamp of fire      |       |       |       |       |       |       |     1 |       |     5 ||     6
       Phial of floods   |       |       |       |       |       |       |       |       |     5 ||     5
       Phantom mirror    |       |       |       |       |       |       |       |       |     1 ||     1
  Use: Scroll            |     3 |     4 |    14 |     6 |    21 |    12 |    11 |     9 |    59 ||   139
       Potion            |     1 |     4 |     2 |     4 |     4 |     9 |    10 |     7 |    76 ||   117
 Stab: Invisible         |       |       |     1 |    10 |    28 |    21 |    32 |    15 |    39 ||   146
       Distracted        |       |       |       |     2 |     8 |    17 |    24 |    15 |   109 ||   175
       Paralysed         |       |       |       |       |    22 |    14 |    11 |    14 |    73 ||   134
       Confused          |       |       |       |       |       |       |     1 |     2 |     2 ||     5
       Held in net/web   |       |       |       |       |       |       |       |       |     5 ||     5
       Petrifying        |       |       |       |       |       |       |       |       |     1 ||     1
  Eat: Chunk             |     1 |     4 |    22 |    20 |    48 |    45 |    36 |    32 |    47 ||   255
       Fruit             |       |       |       |     8 |       |     9 |    17 |       |    20 ||    54
       Meat ration       |       |       |       |       |     1 |     1 |       |     3 |     8 ||    13
       Pizza             |       |       |       |       |     6 |     7 |       |       |     2 ||    15
       Beef jerky        |       |       |       |       |     1 |     3 |       |       |     5 ||     9
       Royal jelly       |       |       |       |       |     1 |       |     2 |       |     1 ||     4
       Bread ration      |       |       |       |       |       |       |       |       |    15 ||    15
